 Dungeon Crawl Stone Soup version 0.26.1-11-gd32895ea62 (webtiles) character file.

Game seed: 14099508709238947825

39 H0rd4k the Insei (level 3, -4/23 HPs)
             Began as an Octopode Transmuter on May 20, 2021.
             Killed from afar by Sigmund (11 damage)
             ... with a puff of flame
             ... on level 2 of the Dungeon.
             The game lasted 00:01:20 (1676 turns).

H0rd4k the Insei (Octopode Transmuter)              Turns: 1676, Time: 00:01:20

Health: -4/23      AC:  1    Str:  9    XL:     3   Next: 45%
Magic:  6/6        EV: 13    Int: 16    God:
Gold:   92         SH:  0    Dex: 12    Spells: 2/6 levels left

rFire    . . .     SeeInvis .     - Unarmed
rCold    . . .     Faith    .   (no shield)
rNeg     . . .     Spirit   .   (helmet restricted)
rPois    .         Reflect  .   (no amulet)
rElec    .         Harm     .   (no ring)
rCorr    .         Rampage  .   (no ring)
Will     .....                  (no ring)
Stlth    ++........             (no ring)
HPRegen  0.07/turn              (no ring)
MPRegen  0.10/turn              (no ring)
                                (no ring)
                                (no ring)

@: confused
A: almost no armour, stealthy swim, amphibious, 8 rings, constrict 8, camouflage
1, gelatinous body 1
a: no special abilities


You were on level 2 of the Dungeon.
You visited 1 branch of the dungeon, and saw 2 of its levels.

You collected 92 gold pieces.

Inventory:

Missiles
 e - 8 poisoned darts
Scrolls
 a - 3 scrolls of identify {unknown}
 c - a scroll of teleportation {unknown}
 d - a scroll of enchant weapon {unknown}
 f - a scroll of immolation {unknown}
 h - a scroll of fog {unknown}
Potions
 b - a potion of curing {unknown}
 g - a potion of might {unknown}


   Skills:
 + Level 1.0 Fighting
 + Level 2.2 Dodging
 + Level 3.9 Unarmed Combat
 * Level 2.2 Spellcasting
 * Level 2.2 Transmutations
 * Level 0.2 Poison Magic


You had 2 spell levels left.
You knew the following spells:

 Your Spells              Type           Power        Failure   Level
a - Beastly Appendage     Tmut           16%          9%          1
b - Spider Form           Tmut/Pois      2%           36%         3

Your spell library contained the following spells:

 Spells                   Type           Power        Failure   Level
 Wereblood                Tmut           8%           12%         2
 Ice Form                 Ice/Tmut       5%           77%         4
 Blade Hands              Tmut           4%           92%         5


Dungeon Overview and Level Annotations

Branches:
Dungeon (2/15)

Altars:

Annotations:
D:2 Sigmund


Innate Abilities, Weirdness & Mutations

You cannot wear most types of armour.
You are very stealthy in the water. (Stealth+)
You are amphibious.
You can wear up to eight rings at the same time.
You can use your tentacles to constrict eight enemies at once.
Your skin changes colour to match your surroundings (Stealth+).
Your rubbery body absorbs attacks. (AC +1, EV +1)


Message History

Sigmund flickers and vanishes!
Deactivating autopickup; reactivate with Ctrl-A.
You hear some strange, mumbled words.
Something tries to affect you, but you resist.
You bump into the rock wall.
You hear some strange, mumbled words.
Something tries to affect you, but you resist.
You bump into the rock wall.
You bump into the rock wall.
Something hits you.
You hear some strange, mumbled words.
You are more confused.
You bump into the rock wall.
You bump into the rock wall.
A magic dart appears from out of thin air!
The magic dart hits you.
You're too confused to move!
You hear some strange, mumbled words.
A puff of flame appears from out of thin air!
The puff of flame hits you!
You die...

#....[#######†)......#
#..##.## ##.#......#
#......# ##.......#.#
#†#####.###..####.##.#
#.######...#.# #.##.#
#...##....##†# #.##.# #
###.##.#####.# ##.##<#
#.###...#.#####.###.#.#.#
#..$......{.@<.....###..#
#..##.....#########.#.###
#.. ##.#.## ########.##
#.. #.#.# .........# .#.
#.#.# ########.# ....
..#.# #.# ## #. ###.# #.#
#. #.# #.# #. #..


There were no monsters in sight!

Vanquished Creatures
  An ooze (D:1)
  A giant cockroach (D:1)
  6 goblins
  6 hobgoblins (D:1)
  7 kobolds
  4 bats
  A frilled lizard (D:1)
  4 rats
30 creatures vanquished.

Notes
Turn   | Place    | Note
-------+----------+-------------------------------------------
     0 | D:1      | H0rd4k the Octopode Transmuter began the quest for the Orb.
     0 | D:1      | Reached XP level 1. HP: 13/13 MP: 3/3
   230 | D:1      | Reached XP level 2. HP: 12/18 MP: 5/5
  1050 | D:1      | Reached XP level 3. HP: 18/23 MP: 6/6
  1060 | D:1      | Learned a level 3 spell: Spider Form
  1652 | D:2      | Noticed Sigmund
  1676 | D:2      | Killed from afar by Sigmund

Illustrated notes

Levels and vault maps discovered:
D:1:      sevenhm_arrival_forest_fort_large_2, layout_basic, serial_curves,
          eino_curves_04, eino_curves_01, chequers_serial_rivers_small_a
D:2:      layout_loops_ring, nicolae_ru_path_of_blood, minmay_misc_feat_encased,
          st_stairs_5, uniq_robin, uniq_sigmund, uniq_terence,
          uniq_crazy_yiuf_cottage

Action                   || total
-------------------------++-------
Melee: Unarmed           ||    70
       Tentacles         ||    12
       Constrict         ||    19
       Punch             ||     1
 Stab: Sleeping          ||     2
Armor: Skin              ||     6
Dodge: Dodged            ||    38
